 Dungeon Crawl Stone Soup version 0.31-a0-174-g85c54bcb58 (webtiles) character file.

Game seed: 3791058066663657828

191 qw the Chopper (level 5, -7/32 HPs)
             Began as a Gargoyle Fighter on June 15, 2023.
             Mangled by a gnoll
             ... wielding a +0 halberd
             ... led by a gnoll bouda
              (11 damage)
             ... on level 4 of the Dungeon.
             The game lasted 00:01:12 (2890 turns).

qw the Chopper (Gargoyle Fighter)                   Turns: 2890, Time: 00:01:12

Health: -7/32      AC: 14    Str: 21    XL:     5   Next: 70%
Magic:  5/5        EV:  7    Int:  9    God:
Gold:   29         SH:  4    Dex:  9    Spells: 4/4 levels left

rFire   . . .        Y - +0 war axe
rCold   . . .        c - +0 buckler
rNeg    + . .        e - +0 chain mail
rPois   inf          k - +0 helmet
rElec   +            (no cloak)
rCorr   .            (no gloves)
SInv    .            (no boots)
Will    .....        (no amulet) Stlth
                     (no ring)
HPRegen 0.25/turn    (no ring)
MPRegen 0.09/turn

%: no passive effects
@: about to teleport
A: sickness immunity, AC +4, negative energy resistance 1, electricity
resistance, torment resistance 1, petrification resistance
a: no special abilities


You were on level 4 of the Dungeon.
You visited 1 branch of the dungeon, and saw 4 of its levels.

You collected 147 gold pieces.
You spent 118 gold pieces at shops.


Innate Abilities, Weirdness & Mutations

You are immune to sickness and miasma.
Your stone body is resilient. (AC +4)
You are immune to poison.
You resist negative energy. (rN+)
You are resistant to electric shocks. (rElec)
You are resistant to unholy torment.
You are immune to petrification.


   Skills:
 + Level 3.5 Fighting
 - Level 5.1 Axes
 - Level 3.2 Armour
 - Level 3.2 Shields


You had 4 spell levels left.
You didn't know any spells.
Your spell library was empty.

Inventory:

Hand Weapons
 b - a +0 vampiric eveningstar
 f - a +1 whip of electrocution
 Y - a +0 war axe (weapon)
Armour
 c - a +0 buckler (worn)
 e - a +0 chain mail (worn)
 k - a +0 helmet (worn)
Scrolls
 a - 2 scrolls of teleportation
 g - 2 scrolls of identify
Potions
 d - a potion of might
 h - 2 potions of curing

Dungeon Overview and Level Annotations

Branches:
Dungeon (4/15)
 Temple: D:4-7

Altars:
Hepliaklqana

Shops:
D:1 (   D:2 ?   D:3 :((!(


Message History

You slash the gnoll!
Your attacks no longer feel as feeble.
The gnoll barely misses you. The gnoll hits you but does no damage.
The gnoll hits you with a +0 club.
The gnoll bouda hits you but does no damage.
The scorpion stings you but does no damage.
You hit the gnoll bouda.
The gnoll bouda is heavily wounded.
You barely miss the scorpion. You hit the gnoll but do no damage.
You block the gnoll's attack.
The gnoll hits you but does no damage. x2
The gnoll bouda gazes fiercely through you!
You feel your attacks grow feeble.
The gnoll bouda hits you with a +0 club!
The scorpion stings you but does no damage.
You slash the gnoll bouda!
The gnoll bouda is almost dead.
You closely miss the scorpion. You hit the gnoll.
The scorpion stings you but does no damage.
The gnoll hits you from afar with a +0 halberd.
The gnoll hits you but does no damage. You block the gnoll bouda's attack.
The gnoll hits you but does no damage.
The gnoll hits you from afar with a +0 spear.
The gnoll bouda calls upon its god to heal the gnoll.
The gnoll is healed somewhat.
The scorpion stings you but does no damage.
The gnoll hits you with a +0 club. The gnoll hits you but does no damage.
2889 ||| READING 3 scrolls of teleportation.
As you read the scroll of teleportation, it crumbles to dust.
You feel strangely unstable. The scorpion stings you.
The gnoll hits you but does no damage. The gnoll closely misses you.
The gnoll bouda utters an invocation to its god.
The gnoll bouda is healed somewhat.
The gnoll hits you but does no damage.
You hit the gnoll bouda.
The gnoll bouda is almost dead.
You hit the scorpion. You hit the gnoll.
Your attacks no longer feel as feeble.
The scorpion stings you but does no damage.
The gnoll hits you from afar with a +0 halberd!
You die...

## # .#
##..#.###g##.###
.......<@gg.....
......ws#....###
......#.#.g.....
......#.#.#.####
..... .>....!.
##+## #.... #.#
#.#.## .# .....
#


You could see a gnoll bouda, a scorpion, 3 gnolls and a dart slug.

Vanquished Creatures
  A hound (D:3)
  A jelly (D:3)
  Robin (D:2)
  2 gnolls
  2 adders (D:2)
  2 worms
  6 endoplasms
  5 giant cockroaches
  10 goblins
  14 hobgoblins
  7 jackals (D:1)
  3 quokkas
  A ball python (D:2)
  4 bats
  4 frilled lizards
  3 kobolds (D:2)
  3 rats (D:1)
69 creatures vanquished.

Notes
Turn   | Place    | Note
-------+----------+-------------------------------------------
     0 | D:1      | qw the Gargoyle Fighter began the quest for the Orb.
     0 | D:1      | Reached XP level 1. HP: 14/14 MP: 1/1
     0 | D:1      | 0 ||| qw: Version: 0.2-a-29-g511e9b1
     0 | D:1      | 0 ||| qw: Game counter: 5224
     0 | D:1      | 0 ||| qw: Always use a shield: true
     0 | D:1      | 0 ||| qw: God list: Okawaru
     0 | D:1      | 0 ||| qw: Allow faded altars: false
     0 | D:1      | 0 ||| qw: Do Orc after D:15 true
     0 | D:1      | 0 ||| qw: Do second Lair branch before Depths: true
     0 | D:1      | 0 ||| qw: Lair rune preference: random
     0 | D:1      | 0 ||| qw: Plans: Normal, Zot:1-4, Slime:5, God:TSO, Crypt,
                  | Tomb, Abyss, Pan, Hells, Win
     0 | D:1      | 0 ||| PLANNING D:1-11
    47 | D:1      | Reached skill level 2 in Axes
    47 | D:1      | Reached XP level 2. HP: 12/19 MP: 2/2
   197 | D:1      | 197 ||| DROPPING +0 whip.
   290 | D:1      | Reached skill level 3 in Axes
   325 | D:1      | Reached XP level 3. HP: 23/23 MP: 3/3
   479 | D:1      | Found Dum Vofinn's Antique Weapon Boutique.
   876 | D:1      | 876 ||| UPGRADING to +0 chain mail.
   886 | D:1      | 886 ||| DROPPING +0 scale mail.
   887 | D:1      | 887 ||| READING 3 scrolls labelled EREGRA POITIF.
   892 | D:1      | 892 ||| READING scroll labelled XEISOY BEILEYR.
   892 | D:1      | Identified a scroll of acquirement
   892 | D:1      | 892 ||| ACQUIRING +0 vampiric eveningstar
   892 | D:1      | Acquired a +0 vampiric eveningstar
  1025 | D:2      | Found Viozak's Magic Scroll Shoppe.
  1033 | D:2      | 1033 ||| BUYING scroll of identify (26 gold).
  1033 | D:2      | Bought a scroll of identify for 26 gold pieces
  1033 | D:2      | 1033 ||| BUYING scroll of identify (26 gold).
  1033 | D:2      | Bought a scroll of identify for 26 gold pieces
  1033 | D:2      | 1033 ||| SHOPLISTING scroll of identify (26 gold, have 24).
  1058 | D:2      | 1058 ||| Stepping ~*~*~tactically~*~*~ (stealth).
  1162 | D:2      | Noticed Robin
  1163 | D:2      | 1163 ||| Stepping ~*~*~tactically~*~*~ (stealth).
  1165 | D:2      | 1165 ||| Stepping ~*~*~tactically~*~*~ (hiding).
  1177 | D:2      | Killed Robin
  1180 | D:2      | Reached XP level 4. HP: 23/28 MP: 4/4
  1205 | D:2      | Reached skill level 4 in Axes
  1379 | D:2      | Found a faded altar of an unknown god.
  1795 | D:2      | 1795 ||| UPGRADING to +0 helmet.
  1800 | D:2      | 1800 ||| READING scroll labelled ECVAYRH JYSAU.
  1801 | D:2      | 1801 ||| READING scroll labelled TEVISO OFFEMEB.
  1802 | D:2      | 1802 ||| READING scroll labelled DANEIL UNA.
  1803 | D:2      | 1803 ||| READING scroll labelled KYRHIR RUIMUA.
  1804 | D:2      | 1804 ||| READING 4 scrolls of identify.
  1804 | D:2      | 1804 ||| IDENTIFYING fuming blue potion
  1805 | D:2      | 1805 ||| READING 3 scrolls of identify.
  1805 | D:2      | 1805 ||| IDENTIFYING puce potion
  1806 | D:2      | 1806 ||| READING 2 scrolls of identify.
  1806 | D:2      | 1806 ||| IDENTIFYING dark potion
  1807 | D:2      | 1807 ||| DROPPING potion of enlightenment.
  1808 | D:2      | 1808 ||| DROPPING potion of brilliance.
  1809 | D:2      | 1809 ||| DROPPING potion of ambrosia.
  1900 | D:3      | Found Gucineugg's Distillery.
  1902 | D:3      | Found a hazy altar of Hepliaklqana.
  1914 | D:3      | Reached XP level 5. HP: 26/32 MP: 5/5
  1940 | D:3      | 1940 ||| BUYING 2 potions of curing (66 gold).
  1940 | D:3      | Bought 2 potions of curing for 66 gold pieces
  1940 | D:3      | 1940 ||| SHOPLISTING potion of curing (33 gold, have 12).
  1940 | D:3      | 1940 ||| SHOPLISTING potion of mutation (88 gold, have 12).
  1940 | D:3      | 1940 ||| SHOPLISTING potion of resistance (110 gold, have
                  | 12).
  1944 | D:3      | Found Hietekia's Weapon Shoppe.
  1947 | D:3      | 1947 ||| SHOPLISTING +0 flail (42 gold, have 12).
  1947 | D:3      | 1947 ||| SHOPLISTING +0 heavy mace (88 gold, have 12).
  1974 | D:3      | Found Valam's Antique Weapon Emporium.
  1990 | D:3      | 1990 ||| SHOPLISTING flail (87 gold, have 12).
  2070 | D:3      | Found Bilaggomat's Weapon Shoppe.
  2079 | D:3      | 2079 ||| SHOPLISTING +0 mace (39 gold, have 12).
  2079 | D:3      | 2079 ||| SHOPLISTING +1 broad axe of freezing (184 gold,
                  | have 12).
  2197 | D:3      | Reached skill level 5 in Axes
  2390 | D:3      | Found Ico Ring's Book Emporium.
  2643 | D:3      | Identified the +0 sling of the Hurting Augurer {antimagic,
                  | rC+}
  2888 | D:4      | HP: 5/32 [gnoll/+0 club[a gnoll bouda] (4)]
  2889 | D:4      | 2889 ||| READING 3 scrolls of teleportation.
  2890 | D:4      | Mangled by a gnoll

Levels and vault maps discovered:
D:1:      ncdulo_lavacross, layout_basic, serial_shops,
          nicolae_shop_hallway_plus, minmay_worlds_worst_comb
D:2:      kennysheep_six_static_rooms, layout_loops_ring,
          chequers_ecumenical_altar_twisty, serial_shops, shop, uniq_robin
D:3:      layout_loops_corners, mainiacjoe_overflow_concentric_impassable,
          serial_shops, nicolae_shop_window_shopping, shop, nicolae_square_shop,
          nicolae_shop_stone, nicolae_shop_window_shopping
D:4:      layout_basic, gammafunk_ghost_nasty_kobolds,
          corexii_item_surrounded_by_moat, hangedman_feature_mirror,
          columned_hall_lemuel, uniq_ijyb

Skill      XL: |  1  2  3  4  5 |
---------------+----------------+-----
Axes           | 2 3 4 5 |  5.1
Fighting       | |  3.5
Armour         | |  3.2
Shields        | |  3.2

Action                     |  1- 3 |  4- 6 || total
---------------------------+-------+-------++-------
  Melee: War axe           |    92 |   115 ||   207
    Use: Scroll            |     2 |     8 ||    10
 Armour: Scale mail        |    44 |       ||    44
         Chain mail        |     8 |    74 ||    82
  Dodge: Dodged            |    37 |    42 ||    79
  Block: Buckler           |    13 |    22 ||    35

Table legend:
 A = Non-vault XP
 B = Vault XP
 C = Vault XP percentage of total XP
 D = Non-vault monster count
 E = Vault monster count
 F = Vault count percentage of total count
                 A         B        C        D         E       F
            +---------+---------+-------+---------+---------+-------
      Total |     206 |      68 |  24.8 |      47 |      22 |  31.9
            +---------+---------+-------+---------+---------+-------
        D:1 |      47 |       6 |  11.3 |      20 |       3 |  13.0
        D:2 |      47 |      62 |  56.9 |      19 |      19 |  50.0
        D:3 |      98 |       0 |   0.0 |       7 |       0 |   0.0
        D:4 |      14 |       0 |   0.0 |       1 |       0 |   0.0
            +---------+---------+-------+---------+---------+-------
